AoeStats
← 熊大来袭

Arena

510487276Analyzed
2v2 RM · 18h ago on Oct 1, 2026· 61m 35s· 4 players
Game mode
Random Map
Map size
Medium (4 player)
Population
200
Speed
Normal
Resources
Standard
Victory
Conquest
Starting age
Dark Age
Ending age
Imperial Age
RankedLock teamsTeams togetherTeam positionsShared explorationLock speedFull tech treeHidden civsTurbo modeCheats
Victory
Defeat
🇨🇳 Turks · China
1271
+14
1036
+23
🇨🇳 Khmer · China
1254
-20
🇪🇸 Franks · Spain
1173
-17
mingenbauer
11:20 Feudal Age
13:32 Loom
16:13 Castle Age
30:24 Imperial Age
28:17 Ballistics
28:24 Double-Bit Axe
28:36 Fletching
28:39 Elite Skirmisher
31:30 Wheelbarrow
31:38 Bow Saw
32:41 Chemistry
31:17 Cavalier
34:57 Scale Barding Armor
35:03 Forging
36:39 Conscription
36:31 Husbandry
37:13 Paladin
38:07 Pikeman
39:21 Halberdier
40:27 Bodkin Arrow
40:34 Scale Mail Armor
41:41 Iron Casting
42:14 Chain Mail Armor
43:53 Murder Holes
49:35 Padded Archer Armor
51:41 Leather Archer Armor
52:22 Chain Barding Armor
52:18 Chivalry
熊大来袭
9:24 Feudal Age
13:42 Castle Age
12:46 Stone Mining
13:28 Loom
29:29 Imperial Age
Mr.Curiosity
11:07 Feudal Age
11:50 Loom
14:51 Castle Age
12:44 Double-Bit Axe
13:27 Horse Collar
25:08 Imperial Age
23:41 Padded Archer Armor
23:59 Gold Mining
25:16 Bow Saw
27:31 Conscription
27:50 Wheelbarrow
31:28 Hand Cart
30:58 Town Watch
32:15 Two-Man Saw
31:16 Heavy Plow
34:06 Leather Archer Armor
33:59 Scale Barding Armor
34:46 Forging
36:26 Chain Barding Armor
36:01 Cavalier
36:06 Heavy Camel Rider
38:02 Bloodlines
37:52 Husbandry
42:27 Plate Barding Armor
42:28 Iron Casting
42:37 Town Patrol
49:32 Blast Furnace
48:46 Fletching
51:57 Ring Archer Armor
51:23 Bodkin Arrow
51:42 Guilds
52:03 Coinage
54:13 Bracer
54:13 Scale Mail Armor
59:03 Gold Shaft Mining
58:18 Stone Mining
60:42 Spies/Treason
Be optimistic for the new day
10:58 Feudal Age
9:50 Loom
14:28 Castle Age
13:40 Horse Collar
20:28 Double-Bit Axe
26:08 Heavy Plow
26:06 Gold Mining
28:01 Wheelbarrow
27:39 Bow Saw
31:35 Imperial Age
31:14 Forging
31:04 Scale Mail Armor
30:58 Stone Mining
32:31 Iron Casting
35:14 Scale Barding Armor
36:08 Stone Shaft Mining
35:52 Hand Cart
37:56 Chain Barding Armor
37:52 Chain Mail Armor
45:29 Two-Man Saw
53:56 Pikeman
54:39 Squires
55:13 Plate Mail Armor
55:43 Blast Furnace
56:25 Halberdier
56:50 Gambesons
56:50 Arson
Connection lost

Rejoining the realm…

Still unreachable

The connection could not be restored.

Session expired

The server has moved on; the page needs a fresh start.